 Dungeon Crawl Stone Soup version 0.29.1-1-gd02db6906a (webtiles) character file.

Game seed: 11694393654334747517

20 Aibolit the Shooter (level 3, 0/27 HPs)
             Began as a Human Hunter on Sept 24, 2022.
             Was a Follower of Cheibriados.
             Succumbed to an adder's poison
             ... on level 2 of the Dungeon.
             The game lasted 00:04:35 (1044 turns).

Aibolit the Shooter (Human Hunter)                  Turns: 1044, Time: 00:04:35

Health: 0/27       AC:  3    Str: 13    XL:     3   Next: 0%
Magic:  3/3        EV: 12    Int: 11    God:    Cheibriados [*.....]
Gold:   7          SH:  0    Dex: 20    Spells: 2/2 levels left

rFire   . . .      SeeInvis .   a - +0 shortbow
rCold   . . .      Faith    .   (shield currently unavailable)
rNeg    . . .      Spirit   .   c - +0 leather armour
rPois   .          Reflect  .   (no helmet)
rElec   .          Harm     .   (no cloak)
rCorr   .          Rampage  .   (no gloves)
Will    .....                   (no boots)
Stlth   ++........              (no amulet)
HPRegen 0.09/turn               (no ring)
MPRegen 0.08/turn               (no ring)

@: lethally poisoned (0 -> -8), very slow
A: no striking features
a: Renounce Religion, Bend Time


You were on level 2 of the Dungeon.
You worshipped Cheibriados.
Cheibriados was aware of your devotion.
You visited 1 branch of the dungeon, and saw 2 of its levels.

You collected 7 gold pieces.

Inventory:

Hand Weapons
 a - a +0 shortbow (weapon)
 d - a +0 dagger
Armour
 c - a +0 leather armour (worn)
Scrolls
 f - a scroll of butterflies {unknown}
 g - a scroll of identify


   Skills:
 + Level 2.0 Fighting
 + Level 4.6 Ranged Weapons
 + Level 0.1 Armour
 + Level 2.1 Dodging
 + Level 1.0 Stealth


You had 2 spell levels left.
You didn't know any spells.
Your spell library contained the following spells:

 Spells                   Type           Power      Damage    Failure   Level
 Necrotise                Necr           0%         1d4       41%         1
 Vampiric Draining        Necr           0%         2d6       80%         3
 Agony                    Necr           0%         N/A       100%        5


Dungeon Overview and Level Annotations

Branches:
Dungeon (2/15)

Altars:
Cheibriados
Ru

Shops:
D:1 :


Message History

You are too injured to fight recklessly!
The adder closely misses you.
You are too injured to fight recklessly!
The adder bites you.
* * * LOW HITPOINT WARNING * * *
You are too injured to fight recklessly!
You feel much better. The adder closely misses you.
The goblin shoots a sling bullet.
The sling bullet hits you.
You shoot an arrow. The arrow hits the adder.
The adder is moderately wounded.
The adder bites you.
You are poisoned.
The adder poisons you!
The goblin shoots a sling bullet.
The sling bullet barely misses you. The adder bites you.
You are more poisoned.
The adder poisons you!
You feel very sick.
Read: scroll of immolation
Press: ? - help, Q - select action, (/) - cycle Dir - look around, f - activate Look: an adder (moderately wounded, susceptible)
As you read the scroll of immolation, it crumbles to dust.
The creatures around you are filled with an inner flame!
You feel sick. The adder bites you.
You are lethally poisoned!
The adder poisons you! The adder closely misses you.
The goblin unwields a +0 sling.
The goblin wields a +0 dagger.
The goblin hits you but does no damage. The adder attacks as you move away!
The adder closely misses you.
* * * LOW HITPOINT WARNING * * *
You feel very sick. The adder barely misses you.
The adder attacks as you move away! The adder misses you.
The goblin attacks as you move away! The goblin hits you with a +0 dagger.
* * * LOW HITPOINT WARNING * * *
x2 You feel very sick.
You are too injured to fight recklessly!
* * * LOW HITPOINT WARNING * * *
You feel very sick. The adder bites you but does no damage.
You die...

########.##......# #.
#.........#.####.# ..
#.####....#.# #.# .#
#.####.##.#.# #.# ..
#.##....#.#.####.#
.####.......#.#.#....#
).#####....#.#.#.##.#
#.###<.....#.#...##.#
###.###.#.......@.........#
#........>.......#........#
#.#.###.#.###.##S#.#####..#
#.....#....#g..# #....#
##....#.####.[.# #.#..# #
#....#.# #..####.#..#
#.#.##....#)####.......####
............#......#####..#
##.#.#†##.###.###...####..#


You could see an adder (inner flame) and a goblin (inner flame).

Vanquished Creatures
  A dart slug (D:1)
  A worm (D:2)
  4 ball pythons (D:1)
  2 bats (D:1)
  An endoplasm (D:1)
  2 hobgoblins
  A frilled lizard (D:1)
  2 goblins
  2 kobolds (D:1)
  A rat (D:1)
17 creatures vanquished.

Notes
Turn   | Place    | Note
-------+----------+-------------------------------------------
     0 | D:1      | Aibolit the Human Hunter began the quest for the Orb.
     0 | D:1      | Reached XP level 1. HP: 16/16 MP: 1/1
    35 | D:1      | Reached XP level 2. HP: 19/22 MP: 2/2
   416 | D:1      | Found a faded altar of an unknown god.
   586 | D:1      | Prayed at the altar of an unknown god.
   586 | D:1      | Became a worshipper of Cheibriados the Contemplative
   586 | D:1      | Reached * piety under Cheibriados
   647 | D:1      | Found Epput's Book Boutique.
  1016 | D:2      | Found a sacrificial altar of Ru.
  1027 | D:2      | Reached XP level 3. HP: 23/27 MP: 3/3
  1043 | D:2      | HP: 1/27 [poisoned by an adder]
  1044 | D:2      | Succumbed to an adder's poison

Illustrated notes

Levels and vault maps discovered:
D:1:      ebering_hopf_link, layout_basic, chequers_ecumenical_altar_island,
          serial_shops, shop
D:2:      layout_basic, basic_altar, chequers_avenue, corexii_shack

Action                   || total
-------------------------++-------
Melee: Dagger            ||    17
       Shortbow          ||     2
 Fire: Shortbow          ||    35
  Use: Scroll            ||     7
       Potion            ||     4
Armor: Leather armour    ||    19
Dodge: Dodged            ||    32
